 Dungeon Crawl Stone Soup version 0.29-a0-721-g7f417c9bbb (webtiles) character file.

Game seed: 9387141980265145161

2589 ytrimaz the Cleaver (level 9, -1/58 (63) HPs)
             Began as a Demonspawn Fighter on June 28, 2022.
             Was a Follower of Okawaru.
             Slain by a wight
             ... wielding a +0 trident
              (10 damage)
             ... on level 7 of the Dungeon.
             The game lasted 00:10:48 (6979 turns).

ytrimaz the Cleaver (Demonspawn Fighter)            Turns: 6979, Time: 00:10:49

HP:   -1/58 (63)    AC: 29    Str: 20    XL:     9   Next: 33%
MP:   9/9           EV:  6    Int:  9    God:    Okawaru [*.....]
Gold: 1358          SH:  0    Dex: 14    Spells: 8/8 levels left

rFire   + . .      SeeInvis .   a - +1 war axe
rCold   . . .      Faith    .   (no shield)
rNeg    . . .      Spirit   .   s - +0 plate armour
rPois   .          Reflect  .   r - +2 helmet
rElec   .          Harm     .   (no cloak)
rCorr   .          Rampage  .   (no gloves)
Will    .....                   (no boots)
Stlth   ..........              (no amulet)
HPRegen 0.19/turn               m - +4 ring of protection
MPRegen 0.11/turn               x - ring of protection from fire

@: sanguine armoured, drained
A: sanguine armour 2, demonic magic 2, demonic touch 1
a: Renounce Religion, Heroism


You were on level 7 of the Dungeon.
You worshipped Okawaru.
Okawaru was aware of your devotion.
You visited 2 branches of the dungeon, and saw 8 of its levels.

You collected 1358 gold pieces.

Inventory:

Hand Weapons
 a - a +1 war axe (weapon)
 e - a +0 battleaxe
Missiles
 l - 6 boomerangs (quivered)
Armour
 c - a +0 buckler
 r - a +2 helmet (worn)
 s - a +0 plate armour (worn)
 u - the +2 leather armour of Zisoleg {Rampage Drain rF+++ Int+6}
   (You found it on level 5 of the Dungeon)

   Int:       It affects your intelligence (+6).
   rF:        It renders you almost immune to fire.
   Drain:     It drains your maximum health when unequipped.
   Rampage:   It bestows one free step when moving towards enemies.
Jewellery
 m - a +4 ring of protection (left hand)
 x - a ring of protection from fire (right hand)
 F - a ring of positive energy
Wands
 i - a wand of charming (16)
 q - a wand of flame (23)
Scrolls
 b - a scroll of silence
 f - 5 scrolls of immolation
 g - 4 scrolls of teleportation
 j - a scroll of fog
 n - a scroll of enchant weapon
 v - a scroll of fear
 w - a scroll of amnesia
 A - a scroll of poison
 B - a scroll of enchant armour
 D - a scroll of vulnerability
Potions
 d - 2 potions of mutation
 h - 4 potions of heal wounds
 k - 2 potions of brilliance
 o - 2 potions of resistance
 p - a potion of cancellation
 t - 2 potions of flight
 z - 2 potions of magic {unknown}
 C - a potion of degeneration {unknown}
 E - 2 potions of curing {unknown}


   Skills:
 - Level 3.0 Fighting
 - Level 9.0 Axes
 + Level 7.7 Armour
 - Level 4.0 Shields


You had 8 spell levels left.
You didn't know any spells.
Your spell library contained the following spells:

 Spells                   Type           Power      Damage    Failure   Level
 Sandblast                Erth           0%         2d4       100%        1
 Blink                    Tloc           0%         N/A       100%        2
 Passwall                 Tmut/Erth      0%         N/A       100%        2
 Poisonous Vapours        Pois/Air       0%         N/A       100%        2
 Lesser Beckoning         Tloc           0%         N/A       100%        3
 Stone Arrow              Conj/Erth      0%         3d7       100%        3
 Corpse Rot               Necr/Pois/Air  0%         N/A       100%        4
 Petrify                  Tmut/Erth      0%         N/A       100%        4
 Manifold Assault         Tloc           0%         N/A       100%        5
 Metabolic Englaciation   Hex/Ice        0%         N/A       100%        5
 Statue Form              Tmut/Erth      0%         N/A       100%        6
 Orb of Destruction       Conj           0%         9d5       100%        7
 Summon Guardian Golem    Hex/Summ       Unusable   N/A       N/A         3
 Spellforged Servitor     Conj/Summ      Unusable   N/A       N/A         7

Dungeon Overview and Level Annotations

Branches:
Dungeon (7/15)             Temple (1/1) D:7

Altars:
Cheibriados
Dithmenos
Fedhas
Gozag
Kikubaaqudgha
Makhleb
Nemelex Xobeh
Okawaru
Qazlal
Ru
Sif Muna
Trog
Vehumet
Xom
Yredelemnul
Zin

Shops:
D:1 *!


Innate Abilities, Weirdness & Mutations

When seriously injured, your blood forms thick armour. (AC +9)
Spells you cast may paralyse nearby enemies.
Your touch may inflict minor irresistible damage on your foes.


Message History

The wight is almost destroyed.
You barely miss the wight. The wight hits you but does no damage.
The wight hits you with a +2 great sword!
Your blood congeals into armour.
The wight hits you but does no damage.
Unknown command.
You closely miss the wight.
The wight is almost destroyed.
You hit the wight but do no damage.
The wight hits you but does no damage. x3
You slash the wight!
You destroy the wight!
Okawaru accepts your kill.
You barely miss the wight. The wight closely misses you.
The wight hits you from afar with a +0 trident.
You feel drained.
Unknown command.
You closely miss the wight. You hit the wight but do no damage.
The wight hits you with a +5 falchion.
You feel drained.
The wight hits you but does no damage. x2
Unknown command.
You slash the wight!
You touch the wight.
You destroy the wight!
Okawaru accepts your kill.
You closely miss the wight. The wight barely misses you.
The wight hits you but does no damage. x3
Unknown command.
The wight closely misses you. The wight completely misses you.
Items here: )) [[.
You barely miss the wight.
You touch the wight!
The wight is severely damaged.
You hit the wight.
The wight hits you with a +2 great sword!
You feel drained. The wight hits you but does no damage.
Unknown command.
You barely miss the wight. Your touch misses the wight.
The wight is severely damaged.
You slash the wight!
The wight hits you with a +2 great sword!
* * * LOW HITPOINT WARNING * * *
The wight hits you with a +0 trident!
You die...

##. ### .# .. ..# .#
.##.##. #.....#
#.....# ##+# #.....#
##...## #..z..#
#.....## ###z@.#
.......## ##.##.##
........####...#.####
........'...........#
........#.##..)#.##.#
.......##.##.)##.# #
#.....###.##..##.#
##...## #.#.))...#
##'## #.#...####


You could see 2 wights.

Vanquished Creatures
  Sigmund (D:4)
  A wyvern (D:7)
  Eustachio (D:4)
  Duvessa (D:4)
  A water moccasin (D:7)
  2 sky beasts
  3 ice beasts
  A black bear (D:6)
  A centaur (D:7)
  Blork the orc (D:4)
  A phantom (D:4)
  3 bullfrogs (D:7)
  2 scorpions (D:5)
  3 wights (D:7)
  Dowan (D:4)
  A howler monkey (D:4)
  3 hounds (D:5)
  A gnoll shaman (D:7)
  An orc priest (D:7)
  Jessica (D:2)
  3 iguanas
  Natasha (thrice) (D:4)
  4 gnolls
  7 adders
  8 river rats (D:5)
  2 white imps
  An ufetubus (D:5)
  2 worms
  3 dart slugs
  10 orcs
  8 ball pythons
  2 endoplasms (D:3)
  3 giant cockroaches
  8 goblins
  7 hobgoblins
  A jackal (D:3)
  10 quokkas
  5 bats
  A frilled lizard (D:3)
  10 kobolds
  24 rats
152 creatures vanquished.

Notes
Turn   | Place    | Note
-------+----------+-------------------------------------------
     0 | D:1      | ytrimaz the Demonspawn Fighter began the quest for the Orb.
     0 | D:1      | Reached XP level 1. HP: 18/18 MP: 1/1
    38 | D:1      | Found Hamif's Distillery.
   220 | D:1      | Reached skill level 2 in Axes
   225 | D:1      | Gained mutation: Your touch may inflict minor irresistible
                  | damage on your foes. [demonic ancestry]
   225 | D:1      | Reached XP level 2. HP: 24/24 MP: 2/2
   525 | D:1      | Found Nodozot's Assorted Antiques.
   827 | D:2      | Found a faded altar of an unknown god.
   872 | D:2      | Noticed Jessica
   882 | D:2      | Killed Jessica
   883 | D:2      | Reached XP level 3. HP: 14/29 MP: 3/3
  1185 | D:2      | Identified a scroll of acquirement
  1199 | D:2      | Acquired 1035 gold pieces
  1213 | D:2      | Reached skill level 3 in Axes
  1587 | D:2      | Gained mutation: When seriously injured, your blood forms
                  | armour. (AC +9) [demonic ancestry]
  1587 | D:2      | Reached XP level 4. HP: 22/35 MP: 4/4
  2098 | D:3      | Found a snail-covered altar of Cheibriados.
  2626 | D:3      | Gained mutation: When seriously injured, your blood forms
                  | thick armour. (AC +9) [demonic ancestry]
  2626 | D:3      | Reached XP level 5. HP: 12/41 MP: 5/5
  3026 | D:4      | Noticed Natasha
  3030 | D:4      | Killed Natasha
  3031 | D:4      | Reached skill level 4 in Axes
  3107 | D:4      | Noticed Blork the orc
  3117 | D:4      | Killed Blork the orc
  3118 | D:4      | Gained mutation: Spells you cast may paralyse adjacent
                  | enemies. [demonic ancestry]
  3118 | D:4      | Reached XP level 6. HP: 30/47 MP: 6/6
  3242 | D:4      | Noticed Dowan
  3243 | D:4      | Noticed Duvessa
  3260 | D:4      | Killed Duvessa
  3261 | D:4      | Reached skill level 5 in Axes
  3271 | D:4      | Killed Dowan
  3491 | D:4      | Noticed Eustachio
  3508 | D:4      | Killed Eustachio
  3509 | D:4      | Reached XP level 7. HP: 44/52 MP: 7/7
  3513 | D:4      | Reached skill level 6 in Axes
  3575 | D:4      | Noticed Natasha
  3590 | D:4      | Killed Natasha
  3681 | D:4      | Noticed Sigmund
  3704 | D:4      | Killed Sigmund
  3747 | D:4      | Noticed Natasha
  3757 | D:4      | Killed Natasha
  4051 | D:5      | Entered Level 5 of the Dungeon
  4214 | D:5      | Reached skill level 7 in Axes
  4239 | D:5      | Gained mutation: Spells you cast may paralyse nearby
                  | enemies. [demonic ancestry]
  4239 | D:5      | Reached XP level 8. HP: 51/58 MP: 8/8
  4266 | D:5      | Reached skill level 5 in Armour
  4694 | D:5      | Identified the +2 leather armour of Zisoleg {Rampage Drain
                  | rF+++ Int+6}
  5260 | D:6      | Reached skill level 8 in Axes
  5699 | D:7      | Found a staircase to the Ecumenical Temple.
  5783 | Temple   | Entered the Ecumenical Temple
  5948 | Temple   | Became a worshipper of Warmaster Okawaru
  6236 | D:7      | Reached skill level 9 in Axes
  6493 | D:7      | Reached XP level 9. HP: 40/63 MP: 9/9
  6818 | D:7      | Reached * piety under Okawaru
  6979 | D:7      | Slain by a wight

Illustrated notes

Levels and vault maps discovered:
D:1:      dpeg_arrival_short_road, layout_loops_cross, serial_shops, shop,
          shop_fountains, minmay_tetromino_s2
D:2:      layout_basic, hellmonk_ecumenical_altar_pennies_from_heaven,
          uniq_jessica
D:3:      layout_rooms, kennysheep_slug_shrine, st_stairs_1,
          minmay_increasing_density
D:4:      layout_rooms, grunt_decor_junction, uniq_blork_the_orc, uniq_duvessa,
          uniq_sigmund, uniq_eustachio, uniq_natasha
D:5:      lemuel_ratsnest, layout_rooms
D:6:      layout_cave_pools
D:7:      minmay_skewed_foursquare, layout_loops_corners,
          worldfamousw_hep_ancestral_shrine, ashenzari_altar_1,
          minmay_temple_entry_purple_smoke, chequers_arboretum
Temple:   eino_wide_crystal_templ

Skill      XL: |  1  2  3  4  5  6  7  8  9 |
---------------+----------------------------+-----
Axes           | 2 3 4 5 7 9 |  9.0
Armour         | 3 4 6 7 |  7.7
Shields        | 3 4 |  4.0
Fighting       | |  3.0

Action                   |  1- 3 |  4- 6 |  7- 9 || total
-------------------------+-------+-------+-------++-------
Melee: War axe           |    71 |   178 |   300 ||   549
       Touch             |       |       |     6 ||     6
  Use: Scroll            |     8 |     5 |     8 ||    21
       Potion            |       |     3 |       ||     3
Armor: Scale mail        |    30 |   123 |    16 ||   169
       Skin              |       |    16 |       ||    16
       Plate armour      |       |       |   232 ||   232
Dodge: Dodged            |    24 |    76 |    67 ||   167
Block: Buckler           |    19 |    50 |    57 ||   126

Table legend: (Time is in decaauts)
 A = Elapsed time spent in this place.
 B = Non-inter-level travel time spent in this place.
 C = Inter-level travel time spent in this place.
 D = Time resting spent in this place.
 E = Time spent auto-exploring this place.
 F = Levels seen in this place.
 G = Mean time per level.
                   A        B        C        D        E       F      G
               +--------+--------+--------+--------+--------+-----+--------+
         Total |   7132 |   7010 |    122 |    423 |   5078 |   8 |  891.5 |
       Dungeon |   6955 |   6844 |    111 |    423 |   4941 |   7 |  993.6 |
        Temple |    177 |    166 |     11 |      0 |    137 |   1 |  177.0 |
               +--------+--------+--------+--------+--------+-----+--------+

Top non-repeatable levels by time:
     D:3: 1256 daAuts
     D:7: 1112 daAuts
     D:4: 1100 daAuts
     D:2: 981 daAuts
     D:5: 963 daAuts
     D:1: 831 daAuts
     D:6: 709 daAuts
  Temple: 177 daAuts
